 Dungeon Crawl Stone Soup version 0.21.1-1-g345015f (webtiles) character file.

499 kae the Chopper (level 7, -6/61 HPs)
             Began as a Hill Orc Fighter on May 31, 2018.
             Mangled by TheDeathLetter's ghost (9 damage)
             ... on level 5 of the Dungeon.
             The game lasted 00:03:19 (3914 turns).

kae the Chopper (Hill Orc Fighter)                  Turns: 3914, Time: 00:03:20

Health: -6/61      AC: 10    Str: 21    XL:     7   Next: 16%
Magic:  7/7        EV:  8    Int:  8    God:
Gold:   147        SH:  9    Dex: 10    Spells: 6/6 levels left

rFire    . . .     SeeInvis .   a - +1 war axe
rCold    . . .     Gourm    .   c - +0 shield
rNeg     . . .     Faith    .   b - +0 scale mail
rPois    .         Spirit   .   (no helmet)
rElec    .         Reflect  .   (no cloak)
rCorr    .         Harm     .   o - +0 pair of gloves
MR       .....                  s - +1 pair of boots
Stlth    ..........             (no amulet)
HPRegen  0.20/turn              (no ring)
MPRegen  0.10/turn              (no ring)

@: no status effects
A: no striking features
a: no special abilities


You were on level 5 of the Dungeon.
You were hungry.

You visited 1 branch of the dungeon, and saw 5 of its levels.

You collected 147 gold pieces.

Inventory:

Hand Weapons
 a - a +1 war axe (weapon)
Armour
 b - a +0 scale mail (worn)
 c - a +0 shield (worn)
 o - a +0 pair of gloves (worn)
 s - a +1 pair of boots (worn)
Scrolls
 e - 4 scrolls of immolation
 h - 4 scrolls of teleportation
 v - a scroll of enchant armour
Potions
 d - a potion of might
 i - a potion of berserk rage
 j - a potion of lignification
 k - 3 potions of haste
 n - 3 potions of curing {unknown}
 p - 4 potions of agility
 q - 2 potions of ambrosia
 r - a potion of degeneration {unknown}
Comestibles
 f - 8 rations


   Skills:
 + Level 5.4 Fighting
 * Level 6.5 Axes
 + Level 4.8 Armour
 + Level 2.3 Dodging
 - Level 3.2 Shields


You had 6 spell levels left.
You didn't know any spells.

Dungeon Overview and Level Annotations

Branches:
Dungeon (5/15)
 Temple: D:4-7

Altars:

Annotations:
D:3 Jaiteiro's ghost, amateur GrFi
D:5 TheDeathLetter's ghost, amateur MiFi


Message History

You are too injured to fight recklessly!
You slash TheDeathLetter's ghost!
TheDeathLetter's ghost is almost destroyed.
TheDeathLetter's ghost hits you!
You are too injured to fight recklessly!
You are too injured to fight recklessly!
You hit TheDeathLetter's ghost but do no damage.
TheDeathLetter's ghost is almost destroyed.
TheDeathLetter's ghost hits you!
* * * LOW HITPOINT WARNING * * *
TheDeathLetter's ghost hits you!
* * * LOW HITPOINT WARNING * * *
You barely miss TheDeathLetter's ghost.
TheDeathLetter's ghost is almost destroyed.
TheDeathLetter's ghost hits you!
* * * LOW HITPOINT WARNING * * *
You barely miss TheDeathLetter's ghost.
TheDeathLetter's ghost is almost destroyed.
TheDeathLetter's ghost hits you!
You die...

##### #
#<..######.#
#......W@..#
#...########
##.## #.#
#.# #.# #.#


You could see TheDeathLetter's ghost.

Vanquished Creatures
  An ogre (D:5)
  A scorpion (D:5)
  A howler monkey (D:4)
  An orc priest (D:3)
  An orc wizard (D:5)
  A centaur skeleton (D:4)
  An iguana (D:4)
  2 worker ants (D:4)
  2 hound skeletons (D:4)
  A howler monkey skeleton (D:5)
  A gnoll (D:1)
  An adder (D:2)
  A shadow imp (D:5)
  An ooze (D:4)
  4 worms
  2 leopard geckos (D:3)
  11 orcs
  5 bats
  5 giant cockroaches
  5 goblins
  4 hobgoblins
  6 jackals
  7 kobolds
  A quokka (D:2)
  A ball python (D:4)
  10 frilled lizards
  A quokka skeleton (D:4)
  3 rats
81 creatures vanquished.

Notes
Turn   | Place    | Note
-------+----------+-------------------------------------------
     0 | D:1      | kae the Hill Orc Fighter began the quest for the Orb.
     0 | D:1      | Reached XP level 1. HP: 19/19 MP: 1/1
   150 | D:1      | Reached skill level 3 in Axes
   199 | D:1      | Reached XP level 2. HP: 23/27 MP: 2/2
   505 | D:1      | Reached XP level 3. HP: 33/33 MP: 3/3
  1107 | D:2      | Reached skill level 1 in Dodging
  1470 | D:2      | Reached skill level 4 in Axes
  1470 | D:2      | Reached XP level 4. HP: 36/40 MP: 4/4
  2097 | D:3      | Noticed Jaiteiro's ghost (amateur GrFi)
  2258 | D:3      | Reached XP level 5. HP: 44/47 MP: 5/5
  3044 | D:4      | Reached skill level 5 in Axes
  3240 | D:4      | Reached XP level 6. HP: 55/55 MP: 6/6
  3377 | D:4      | Reached skill level 5 in Fighting
  3584 | D:5      | Entered Level 5 of the Dungeon
  3659 | D:5      | Reached skill level 6 in Axes
  3792 | D:5      | Reached XP level 7. HP: 39/61 MP: 7/7
  3887 | D:5      | Noticed TheDeathLetter's ghost (amateur MiFi)
  3913 | D:5      | HP: 3/61 [TheDeathLetter's ghost (8)]
  3914 | D:5      | Mangled by TheDeathLetter's ghost

Skill      XL: |  1  2  3  4  5  6 |
---------------+-------------------+-----
Axes           | 3 4 5 6 |  6.5
Fighting       | 4 5 |  5.4
Dodging        | 1 2 |  2.3
Armour         | 4 |  4.8
Shields        | |  3.2

Action                   |  1- 3 |  4- 6 |  7- 9 || total
-------------------------+-------+-------+-------++-------
Melee: War axe           |   132 |   178 |    27 ||   337
  Use: Scroll            |       |    13 |       ||    13
  Eat: Chunk             |     1 |     5 |       ||     6
       Ration            |       |     1 |       ||     1
Armor: Scale mail        |    61 |    80 |     6 ||   147
Dodge: Dodged            |    32 |    57 |     4 ||    93
Block: Shield            |    76 |    94 |    11 ||   181
